 Dungeon Crawl Stone Soup version 0.26-a0-466-g989023bd0d (webtiles) character file.

Game seed: 10246614191022091931

355 Infinimo the Cudgeler (level 6, -2/84 HPs)
             Began as a Minotaur Fighter on July 29, 2020.
             Slain by an orc warrior
             ... wielding a +0 scimitar
              (11 damage)
             ... on level 3 of the Dungeon.
             The game lasted 00:03:13 (3304 turns).

Infinimo the Cudgeler (Minotaur Fighter)            Turns: 3304, Time: 00:03:13

Health: -2/84      AC: 23    Str: 19 (21) XL:     6   Next: 36%
Magic:  5/5        EV:  2    Int:  4 (5)  God:
Gold:   133        SH:  9    Dex: 10 (11) Spells: 5/5 levels left

rFire    . . .     SeeInvis .   a - +0 flail
rCold    . . .     Faith    .   c - +0 kite shield
rNeg     + + +     Spirit   .   (armour currently unavailable)
rPois    +         Reflect  .   (helmet currently unavailable)
rElec    .         Harm     .   (cloak currently unavailable)
rCorr    .         NoTele   +   (gloves currently unavailable)
MR       .....                  (boots currently unavailable)
Stlth    +.........             (no amulet)
HPRegen  0.24/turn              (no ring)
MPRegen  0.09/turn              (no ring)

@: tree-form
A: (retaliatory headbutt)
a: no special abilities


You were on level 3 of the Dungeon.
You were a tree.
You visited 1 branch of the dungeon, and saw 4 of its levels.

You collected 133 gold pieces.

Inventory:

Hand Weapons
 a - a +0 flail (weapon)
Armour
 b - a +0 scale mail (melded)
 c - a +0 kite shield (worn)
Jewellery
 k - an uncursed ring of see invisible {unknown}
 o - an uncursed ring of protection from cold {unknown}
 q - a cursed amulet of magic regeneration {unknown}
Scrolls
 f - 2 scrolls of identify
 i - a scroll of enchant armour {unknown}
 j - 2 scrolls of noise {unknown}
 m - 2 scrolls of remove curse
 p - a scroll of magic mapping
Potions
 e - a potion of flight
 s - 3 potions of invisibility
 t - a potion of curing {unknown}


   Skills:
 + Level 5.0 Fighting
 * Level 5.4 Maces & Flails
 + Level 5.0 Armour
 + Level 5.1 Shields


You had 5 spell levels left.
You didn't know any spells.
Your spell library contained the following spells:

 Spells                   Type           Power        Failure   Level
 Confusing Touch          Hex            #.......     99%         3
 Gell's Gravitas          Tloc           #.........   99%         3
 Petrify                  Tmut/Erth      #.......     100%        4
 Metabolic Englaciation   Hex/Ice        #.........   100%        5
 Yara's Violent Unravell  Hex/Tmut       #.........   100%        5


Dungeon Overview and Level Annotations

Branches:
Dungeon (4/15)
 Temple: D:4-7

Altars:


Innate Abilities, Weirdness & Mutations

((You reflexively headbutt those who attack you in melee.))
((You have a pair of horns on your head.))


Message History

You block the orc warrior's attack.
The orc warrior is heavily wounded.
The orc warrior hits you with a +0 scimitar.
The orc warrior is heavily wounded.
The orc warrior hits you with a +0 scimitar!
* * * LOW HITPOINT WARNING * * *
The orc warrior is heavily wounded.
You block the orc warrior's attack.
The orc warrior is heavily wounded.
The orc warrior is severely wounded.
The orc warrior is severely wounded.
The orc warrior is severely wounded.
The orc warrior hits you with a +0 scimitar!
* * * LOW HITPOINT WARNING * * *
The orc warrior is severely wounded.
The orc warrior is severely wounded.
You block the orc warrior's attack.
The orc warrior is severely wounded.
The orc warrior hits you with a +0 scimitar!
You die...

#{#.#..#.....#...).#.#.........#
#.#.#........##.##.#.#..###..#.##
#.#....#.....##....#...##⌠##....#
..##..##.....##.......##...##...#
.............##.####.##.....##..#
.####>....#####......#⌠..♣..⌠#..#
..........#...#......##.....##...
##.....#.##.#.##o##...##...##..#.
##.....#........♣......##.##...#.
.......#####..##.#####..#'#..#.#.
#......#####..##.# ##.....##.#.
#.#######.....##.# ########.#.
#(# #.....#..# #.#.
#.#######.....#.## #.#.
#.............#.# #.#.
############....# #.#. ######
#.#.


You could see an orc warrior.

Vanquished Creatures
  The ghost of Morbidden the Ruffian, an amateur TrTm (D:3)
  An orc priest (D:2)
  An orc wizard (D:2)
  Robin (D:2)
  3 adders (D:3)
  4 gnolls (D:3)
  An ooze (D:2)
  A worm (D:3)
  A dart slug (D:2)
  4 leopard geckos (D:2)
  5 orcs
  5 bats
  4 giant cockroaches
  8 goblins
  7 hobgoblins
  5 kobolds
  2 quokkas (D:2)
  A ball python (D:2)
  3 frilled lizards
  7 rats
65 creatures vanquished.

Notes
Turn   | Place    | Note
-------+----------+-------------------------------------------
     0 | D:1      | Infinimo the Minotaur Fighter began the quest for the Orb.
     0 | D:1      | Reached XP level 1. HP: 19/19 MP: 0/0
   435 | D:1      | Reached XP level 2. HP: 27/27 MP: 1/1
  1049 | D:2      | Noticed Robin
  1057 | D:2      | Killed Robin
  1057 | D:2      | Reached XP level 3. HP: 26/33 MP: 2/2
  1625 | D:2      | Reached XP level 4. HP: 40/40 MP: 3/3
  2201 | D:2      | Reached XP level 5. HP: 27/47 MP: 4/4
  2611 | D:3      | Noticed Morbidden's ghost (amateur TrTm)
  2637 | D:3      | Found a runed translucent door.
  3082 | D:3      | Killed Morbidden's ghost
  3082 | D:3      | Reached skill level 5 in Fighting
  3082 | D:3      | Reached skill level 5 in Maces & Flails
  3082 | D:3      | Reached skill level 5 in Armour
  3082 | D:3      | Reached skill level 5 in Shields
  3082 | D:3      | Reached XP level 6. HP: 36/56 MP: 5/5
  3242 | D:4      | Noticed an orc warrior
  3304 | D:3      | Slain by an orc warrior

Illustrated notes

Levels and vault maps discovered:
D:1:      eino_arrival_water_cross, layout_basic
D:2:      layout_loops_ring, uniq_robin
D:3:      layout_basic, hellmonk_ghost_happy_afterlife
D:4:      minmay_chambers_of_fours, layout_layer_cave, lemuel_doored_altar,
          serial_shops, shop, tso_metal_star

Skill      XL: |  1  2  3  4  5 |
---------------+----------------+-----
Maces & Flails | 3 4 5 |  5.4
Armour         | 4 5 |  5.0
Shields        | 4 5 |  5.1
Fighting       | 4 5 |  5.0

Action                   |  1- 3 |  4- 6 || total
-------------------------+-------+-------++-------
Melee: Flail             |   102 |   106 ||   208
       Headbutt          |    11 |    15 ||    26
  Use: Scroll            |       |     9 ||     9
       Potion            |       |     7 ||     7
Armor: Scale mail        |    32 |    48 ||    80
       Skin              |       |     4 ||     4
Dodge: Dodged            |    27 |    26 ||    53
Block: Kite shield       |    53 |    59 ||   112

Table legend: (Time is in decaauts)
 A = Elapsed time spent in this place.
 B = Non-inter-level travel time spent in this place.
 C = Inter-level travel time spent in this place.
 D = Time resting spent in this place.
 E = Time spent auto-exploring this place.
 F = Levels seen in this place.
 G = Mean time per level.
                   A        B        C        D        E       F      G
               +--------+--------+--------+--------+--------+-----+--------+
         Total |   3338 |   3212 |    126 |    395 |   2321 |   4 |  834.5 |
       Dungeon |   3338 |   3212 |    126 |    395 |   2321 |   4 |  834.5 |
               +--------+--------+--------+--------+--------+-----+--------+

Top non-repeatable levels by time:
     D:2: 1418 daAuts
     D:3: 1112 daAuts
     D:1: 797 daAuts
     D:4: 10 daAuts
